Workbook

Sheet Articles
A1: Article (nom) | B1: Marque | C1: Taille | D1: État | E1: Couleur | F1: Prix d'achat | G1: Date d'achat | H1: Vendeur | I1: En vente ? | J1: Prix annonce | K1: Prix vendu | L1: Date de vente | M1: Notes | N1: Bénéfice | O1: Marge % | P1: Jours en stock
A2: Exemple : jean droit | B2: Levi's | C2: W30 | D2: Très bon état | E2: Bleu | F2: 8 | G2: 46267 | I2: Non | J2: 25 | K2: 22 | L2: 46280 | M2: Ligne d'exemple, à supprimer avant l'import | N2: =IF(AND(K2<>"",F2<>""),K2-F2,"") | O2: =IF(AND(N2<>"",N(K2)>0),N2/K2,"") | P2: =IF(G2="","",IF(L2<>"",L2-G2,TODAY()-G2))
A3: Exemple : sweat à capuche | B3: Carhartt | C3: M | D3: Bon état | E3: Gris | F3: 12 | G3: 46270 | I3: Oui | J3: 35 | M3: Ligne d'exemple, à supprimer avant l'import | N3: =IF(AND(K3<>"",F3<>""),K3-F3,"") | O3: =IF(AND(N3<>"",N(K3)>0),N3/K3,"") | P3: =IF(G3="","",IF(L3<>"",L3-G3,TODAY()-G3))
N4: =IF(AND(K4<>"",F4<>""),K4-F4,"") | O4: =IF(AND(N4<>"",N(K4)>0),N4/K4,"") | P4: =IF(G4="","",IF(L4<>"",L4-G4,TODAY()-G4))
N5: =IF(AND(K5<>"",F5<>""),K5-F5,"") | O5: =IF(AND(N5<>"",N(K5)>0),N5/K5,"") | P5: =IF(G5="","",IF(L5<>"",L5-G5,TODAY()-G5))
N6: =IF(AND(K6<>"",F6<>""),K6-F6,"") | O6: =IF(AND(N6<>"",N(K6)>0),N6/K6,"") | P6: =IF(G6="","",IF(L6<>"",L6-G6,TODAY()-G6))
N7: =IF(AND(K7<>"",F7<>""),K7-F7,"") | O7: =IF(AND(N7<>"",N(K7)>0),N7/K7,"") | P7: =IF(G7="","",IF(L7<>"",L7-G7,TODAY()-G7))
N8: =IF(AND(K8<>"",F8<>""),K8-F8,"") | O8: =IF(AND(N8<>"",N(K8)>0),N8/K8,"") | P8: =IF(G8="","",IF(L8<>"",L8-G8,TODAY()-G8))
N9: =IF(AND(K9<>"",F9<>""),K9-F9,"") | O9: =IF(AND(N9<>"",N(K9)>0),N9/K9,"") | P9: =IF(G9="","",IF(L9<>"",L9-G9,TODAY()-G9))
N10: =IF(AND(K10<>"",F10<>""),K10-F10,"") | O10: =IF(AND(N10<>"",N(K10)>0),N10/K10,"") | P10: =IF(G10="","",IF(L10<>"",L10-G10,TODAY()-G10))
N11: =IF(AND(K11<>"",F11<>""),K11-F11,"") | O11: =IF(AND(N11<>"",N(K11)>0),N11/K11,"") | P11: =IF(G11="","",IF(L11<>"",L11-G11,TODAY()-G11))
N12: =IF(AND(K12<>"",F12<>""),K12-F12,"") | O12: =IF(AND(N12<>"",N(K12)>0),N12/K12,"") | P12: =IF(G12="","",IF(L12<>"",L12-G12,TODAY()-G12))
N13: =IF(AND(K13<>"",F13<>""),K13-F13,"") | O13: =IF(AND(N13<>"",N(K13)>0),N13/K13,"") | P13: =IF(G13="","",IF(L13<>"",L13-G13,TODAY()-G13))
N14: =IF(AND(K14<>"",F14<>""),K14-F14,"") | O14: =IF(AND(N14<>"",N(K14)>0),N14/K14,"") | P14: =IF(G14="","",IF(L14<>"",L14-G14,TODAY()-G14))
N15: =IF(AND(K15<>"",F15<>""),K15-F15,"") | O15: =IF(AND(N15<>"",N(K15)>0),N15/K15,"") | P15: =IF(G15="","",IF(L15<>"",L15-G15,TODAY()-G15))
... N501: =IF(AND(K501<>"",F501<>""),K501-F501,"") | O501: =IF(AND(N501<>"",N(K501)>0),N501/K501,"") | P501: =IF(G501="","",IF(L501<>"",L501-G501,TODAY()-G501))

Sheet Mois
A1: Mois | B1: Chiffre d'affaires | C1: Bénéfice | D1: Nombre de ventes | F1: Change le mois de départ en A2, les suivants se calculent.
A2: 46023 | B2: =SUMIFS(Articles!$K$2:$K$501,Articles!$L$2:$L$501,">="&A2,Articles!$L$2:$L$501,"<"&DATE(YEAR(A2),MONTH(A2)+1,1)) | C2: =SUMIFS(Articles!$N$2:$N$501,Articles!$L$2:$L$501,">="&A2,Articles!$L$2:$L$501,"<"&DATE(YEAR(A2),MONTH(A2)+1,1)) | D2: =COUNTIFS(Articles!$L$2:$L$501,">="&A2,Articles!$L$2:$L$501,"<"&DATE(YEAR(A2),MONTH(A2)+1,1),Articles!$K$2:$K$501,"<>")
A3: =DATE(YEAR(A2),MONTH(A2)+1,1) | B3: =SUMIFS(Articles!$K$2:$K$501,Articles!$L$2:$L$501,">="&A3,Articles!$L$2:$L$501,"<"&DATE(YEAR(A3),MONTH(A3)+1,1)) | C3: =SUMIFS(Articles!$N$2:$N$501,Articles!$L$2:$L$501,">="&A3,Articles!$L$2:$L$501,"<"&DATE(YEAR(A3),MONTH(A3)+1,1)) | D3: =COUNTIFS(Articles!$L$2:$L$501,">="&A3,Articles!$L$2:$L$501,"<"&DATE(YEAR(A3),MONTH(A3)+1,1),Articles!$K$2:$K$501,"<>")
A4: =DATE(YEAR(A3),MONTH(A3)+1,1) | B4: =SUMIFS(Articles!$K$2:$K$501,Articles!$L$2:$L$501,">="&A4,Articles!$L$2:$L$501,"<"&DATE(YEAR(A4),MONTH(A4)+1,1)) | C4: =SUMIFS(Articles!$N$2:$N$501,Articles!$L$2:$L$501,">="&A4,Articles!$L$2:$L$501,"<"&DATE(YEAR(A4),MONTH(A4)+1,1)) | D4: =COUNTIFS(Articles!$L$2:$L$501,">="&A4,Articles!$L$2:$L$501,"<"&DATE(YEAR(A4),MONTH(A4)+1,1),Articles!$K$2:$K$501,"<>")
A5: =DATE(YEAR(A4),MONTH(A4)+1,1) | B5: =SUMIFS(Articles!$K$2:$K$501,Articles!$L$2:$L$501,">="&A5,Articles!$L$2:$L$501,"<"&DATE(YEAR(A5),MONTH(A5)+1,1)) | C5: =SUMIFS(Articles!$N$2:$N$501,Articles!$L$2:$L$501,">="&A5,Articles!$L$2:$L$501,"<"&DATE(YEAR(A5),MONTH(A5)+1,1)) | D5: =COUNTIFS(Articles!$L$2:$L$501,">="&A5,Articles!$L$2:$L$501,"<"&DATE(YEAR(A5),MONTH(A5)+1,1),Articles!$K$2:$K$501,"<>")
A6: =DATE(YEAR(A5),MONTH(A5)+1,1) | B6: =SUMIFS(Articles!$K$2:$K$501,Articles!$L$2:$L$501,">="&A6,Articles!$L$2:$L$501,"<"&DATE(YEAR(A6),MONTH(A6)+1,1)) | C6: =SUMIFS(Articles!$N$2:$N$501,Articles!$L$2:$L$501,">="&A6,Articles!$L$2:$L$501,"<"&DATE(YEAR(A6),MONTH(A6)+1,1)) | D6: =COUNTIFS(Articles!$L$2:$L$501,">="&A6,Articles!$L$2:$L$501,"<"&DATE(YEAR(A6),MONTH(A6)+1,1),Articles!$K$2:$K$501,"<>")
A7: =DATE(YEAR(A6),MONTH(A6)+1,1) | B7: =SUMIFS(Articles!$K$2:$K$501,Articles!$L$2:$L$501,">="&A7,Articles!$L$2:$L$501,"<"&DATE(YEAR(A7),MONTH(A7)+1,1)) | C7: =SUMIFS(Articles!$N$2:$N$501,Articles!$L$2:$L$501,">="&A7,Articles!$L$2:$L$501,"<"&DATE(YEAR(A7),MONTH(A7)+1,1)) | D7: =COUNTIFS(Articles!$L$2:$L$501,">="&A7,Articles!$L$2:$L$501,"<"&DATE(YEAR(A7),MONTH(A7)+1,1),Articles!$K$2:$K$501,"<>")
A8: =DATE(YEAR(A7),MONTH(A7)+1,1) | B8: =SUMIFS(Articles!$K$2:$K$501,Articles!$L$2:$L$501,">="&A8,Articles!$L$2:$L$501,"<"&DATE(YEAR(A8),MONTH(A8)+1,1)) | C8: =SUMIFS(Articles!$N$2:$N$501,Articles!$L$2:$L$501,">="&A8,Articles!$L$2:$L$501,"<"&DATE(YEAR(A8),MONTH(A8)+1,1)) | D8: =COUNTIFS(Articles!$L$2:$L$501,">="&A8,Articles!$L$2:$L$501,"<"&DATE(YEAR(A8),MONTH(A8)+1,1),Articles!$K$2:$K$501,"<>")
A9: =DATE(YEAR(A8),MONTH(A8)+1,1) | B9: =SUMIFS(Articles!$K$2:$K$501,Articles!$L$2:$L$501,">="&A9,Articles!$L$2:$L$501,"<"&DATE(YEAR(A9),MONTH(A9)+1,1)) | C9: =SUMIFS(Articles!$N$2:$N$501,Articles!$L$2:$L$501,">="&A9,Articles!$L$2:$L$501,"<"&DATE(YEAR(A9),MONTH(A9)+1,1)) | D9: =COUNTIFS(Articles!$L$2:$L$501,">="&A9,Articles!$L$2:$L$501,"<"&DATE(YEAR(A9),MONTH(A9)+1,1),Articles!$K$2:$K$501,"<>")
A10: =DATE(YEAR(A9),MONTH(A9)+1,1) | B10: =SUMIFS(Articles!$K$2:$K$501,Articles!$L$2:$L$501,">="&A10,Articles!$L$2:$L$501,"<"&DATE(YEAR(A10),MONTH(A10)+1,1)) | C10: =SUMIFS(Articles!$N$2:$N$501,Articles!$L$2:$L$501,">="&A10,Articles!$L$2:$L$501,"<"&DATE(YEAR(A10),MONTH(A10)+1,1)) | D10: =COUNTIFS(Articles!$L$2:$L$501,">="&A10,Articles!$L$2:$L$501,"<"&DATE(YEAR(A10),MONTH(A10)+1,1),Articles!$K$2:$K$501,"<>")
A11: =DATE(YEAR(A10),MONTH(A10)+1,1) | B11: =SUMIFS(Articles!$K$2:$K$501,Articles!$L$2:$L$501,">="&A11,Articles!$L$2:$L$501,"<"&DATE(YEAR(A11),MONTH(A11)+1,1)) | C11: =SUMIFS(Articles!$N$2:$N$501,Articles!$L$2:$L$501,">="&A11,Articles!$L$2:$L$501,"<"&DATE(YEAR(A11),MONTH(A11)+1,1)) | D11: =COUNTIFS(Articles!$L$2:$L$501,">="&A11,Articles!$L$2:$L$501,"<"&DATE(YEAR(A11),MONTH(A11)+1,1),Articles!$K$2:$K$501,"<>")
A12: =DATE(YEAR(A11),MONTH(A11)+1,1) | B12: =SUMIFS(Articles!$K$2:$K$501,Articles!$L$2:$L$501,">="&A12,Articles!$L$2:$L$501,"<"&DATE(YEAR(A12),MONTH(A12)+1,1)) | C12: =SUMIFS(Articles!$N$2:$N$501,Articles!$L$2:$L$501,">="&A12,Articles!$L$2:$L$501,"<"&DATE(YEAR(A12),MONTH(A12)+1,1)) | D12: =COUNTIFS(Articles!$L$2:$L$501,">="&A12,Articles!$L$2:$L$501,"<"&DATE(YEAR(A12),MONTH(A12)+1,1),Articles!$K$2:$K$501,"<>")
A13: =DATE(YEAR(A12),MONTH(A12)+1,1) | B13: =SUMIFS(Articles!$K$2:$K$501,Articles!$L$2:$L$501,">="&A13,Articles!$L$2:$L$501,"<"&DATE(YEAR(A13),MONTH(A13)+1,1)) | C13: =SUMIFS(Articles!$N$2:$N$501,Articles!$L$2:$L$501,">="&A13,Articles!$L$2:$L$501,"<"&DATE(YEAR(A13),MONTH(A13)+1,1)) | D13: =COUNTIFS(Articles!$L$2:$L$501,">="&A13,Articles!$L$2:$L$501,"<"&DATE(YEAR(A13),MONTH(A13)+1,1),Articles!$K$2:$K$501,"<>")
A14: =DATE(YEAR(A13),MONTH(A13)+1,1) | B14: =SUMIFS(Articles!$K$2:$K$501,Articles!$L$2:$L$501,">="&A14,Articles!$L$2:$L$501,"<"&DATE(YEAR(A14),MONTH(A14)+1,1)) | C14: =SUMIFS(Articles!$N$2:$N$501,Articles!$L$2:$L$501,">="&A14,Articles!$L$2:$L$501,"<"&DATE(YEAR(A14),MONTH(A14)+1,1)) | D14: =COUNTIFS(Articles!$L$2:$L$501,">="&A14,Articles!$L$2:$L$501,"<"&DATE(YEAR(A14),MONTH(A14)+1,1),Articles!$K$2:$K$501,"<>")
... A25: =DATE(YEAR(A24),MONTH(A24)+1,1) | B25: =SUMIFS(Articles!$K$2:$K$501,Articles!$L$2:$L$501,">="&A25,Articles!$L$2:$L$501,"<"&DATE(YEAR(A25),MONTH(A25)+1,1)) | C25: =SUMIFS(Articles!$N$2:$N$501,Articles!$L$2:$L$501,">="&A25,Articles!$L$2:$L$501,"<"&DATE(YEAR(A25),MONTH(A25)+1,1)) | D25: =COUNTIFS(Articles!$L$2:$L$501,">="&A25,Articles!$L$2:$L$501,"<"&DATE(YEAR(A25),MONTH(A25)+1,1),Articles!$K$2:$K$501,"<>")
A26: Total | B26: =SUM(B2:B25) | C26: =SUM(C2:C25) | D26: =SUM(D2:D25)

Sheet Mode d'emploi
A1: Modèle de suivi des ventes Vinted, proposé par suivivinted.fr
A3: Feuille Articles : une ligne par article. Remplis les colonnes vertes ;
A4: les colonnes grises (Bénéfice, Marge %, Jours en stock) se calculent.
A5: Les formules sont prêtes jusqu'à la ligne 501. Au-delà, recopie la dernière ligne vers le bas.
A7: Feuille Mois : chiffre d'affaires, bénéfice et nombre de ventes par mois,
A8: d'après la date de vente. Change le mois de départ en A2.
A10: Les deux lignes surlignées en jaune sont des exemples : supprime-les avant d'importer.
A12: Pour importer dans Suivi Vinted : enregistre la feuille Articles au format CSV,
A13: puis, dans l'app, page Articles, bouton Import.
A14: Dans Excel, choisis le format « CSV UTF-8 (délimité par des virgules) » : l'autre format CSV
A15: d'Excel abîme les accents, et la colonne État n'est alors plus reconnue.
A16: Les colonnes sont reconnues d'après leurs intitulés : vérifie la correspondance proposée avant d'importer.
A17: Ce fichier ne contient aucune macro.
